 Dungeon Crawl Stone Soup version 0.31-a0-152-g6aa68a64a1 (webtiles) character file.

Game seed: 15836353873871019714

49 qw the Shooter (level 3, -6/31 HPs)
             Began as a Minotaur Hunter on June 9, 2023.
             Killed from afar by Sigmund (8 damage)
             ... with a magic dart
             ... on level 2 of the Dungeon.
             The game lasted 00:00:20 (972 turns).

qw the Shooter (Minotaur Hunter)                     Turns: 972, Time: 00:00:20

Health: -6/31      AC:  3    Str: 15    XL:     3   Next: 53%
Magic:  2/2        EV: 12    Int:  6    God:
Gold:   99         SH:  0    Dex: 15    Spells: 2/2 levels left

rFire   . . .        Y - +0 shortbow
rCold   . . .        (shield currently unavailable)
rNeg    . . .        c - +0 leather armour
rPois   .            (helmet restricted)
rElec   .            (no cloak)
rCorr   .            (no gloves)
SInv    .            (no boots)
Will    .....        (no amulet)
Stlth   +            (no ring)
HPRegen 0.25/turn    (no ring)
MPRegen 0.08/turn

%: no passive effects
@: no status effects
A: horns 2, retaliatory headbutt
a: no special abilities


You were on level 2 of the Dungeon.
You visited 1 branch of the dungeon, and saw 2 of its levels.

You collected 99 gold pieces.


Innate Abilities, Weirdness & Mutations

You have a pair of horns on your head.
You reflexively headbutt those who attack you in melee.


   Skills:
 - Level 3.0 Fighting
 + Level 5.6 Ranged Weapons
 - Level 2.1 Dodging
 - Level 0.7 Stealth


You had 2 spell levels left.
You didn't know any spells.
Your spell library was empty.

Inventory:

Hand Weapons
 Y - a +0 shortbow (weapon)
Armour
 c - a +0 leather armour (worn)
Jewellery
 e - a ring of ice

Dungeon Overview and Level Annotations

Branches:
Dungeon (2/15)

Altars:

Annotations:
D:2 Sigmund


Message History

Enter note:
Enter note: You shoot an arrow.
The arrow hits the endoplasm!
You kill the endoplasm!
You shoot an arrow. The arrow hits Sigmund.
Sigmund is moderately wounded.
Sigmund flickers, as though insubstantial.
You shoot an arrow. The arrow hits Sigmund.
Sigmund is heavily wounded.
You shoot an arrow. The arrow completely misses Sigmund.
Sigmund points at you and mumbles some strange words.
You are confused.
The hobgoblin hits you.
Sigmund hits you from afar with a +0 scythe!
The hobgoblin barely misses you. Sigmund closely misses you.
The hobgoblin misses you. Sigmund barely misses you.
The hobgoblin closely misses you. The hobgoblin barely misses you.
You feel less confused. Sigmund barely misses you.
The hobgoblin barely misses you. You furiously retaliate!
You headbutt the hobgoblin!
You kill the hobgoblin!
You shoot an arrow. The arrow closely misses Sigmund.
Sigmund casts a spell at you. The magic dart hits you!
You shoot an arrow. The arrow hits Sigmund.
Sigmund is heavily wounded.
Sigmund hits you from afar with a +0 scythe.
You shoot an arrow. The arrow closely misses Sigmund.
Sigmund hits you from afar with a +0 scythe!
You shoot an arrow.
The arrow hits Sigmund but does no damage.
Sigmund is heavily wounded.
You shoot an arrow. The arrow hits Sigmund!
Sigmund is severely wounded.
Sigmund barely misses you.
You shoot an arrow. The arrow closely misses Sigmund.
Sigmund casts a spell at you. The magic dart hits you!
You die...

#..##
....#
##....
#....
##...
#..@#
##.[.#
#..@#
##...#
#...##
##...#
#...##
##...#
#...##
#...+
##.#######


You could see Sigmund.

Vanquished Creatures
  2 adders (D:2)
  A worm (D:2)
  2 dart slugs
  3 endoplasms
  A giant cockroach (D:2)
  5 hobgoblins
  A ball python (D:2)
  2 bats (D:1)
  3 frilled lizards
  2 kobolds (D:1)
  4 rats
26 creatures vanquished.

Notes
Turn   | Place    | Note
-------+----------+-------------------------------------------
     0 | D:1      | qw the Minotaur Hunter began the quest for the Orb.
     0 | D:1      | Reached XP level 1. HP: 18/18 MP: 0/0
     0 | D:1      | 0 ||| qw: Version: 0.2-a-121-gba3a3e5
     0 | D:1      | 0 ||| qw: Game counter: 3174
     0 | D:1      | 0 ||| qw: Always use a shield: true
     0 | D:1      | 0 ||| qw: God list: Okawaru
     0 | D:1      | 0 ||| qw: Allow faded altars: false
     0 | D:1      | 0 ||| qw: Do Orc after D:15 true
     0 | D:1      | 0 ||| qw: Do second Lair branch before Depths: true
     0 | D:1      | 0 ||| qw: Lair rune preference: random
     0 | D:1      | 0 ||| qw: Plans: Normal
     0 | D:1      | 0 ||| PLANNING D:1-11
   301 | D:1      | Reached XP level 2. HP: 25/25 MP: 1/1
   453 | D:1      | Reached skill level 5 in Ranged Weapons
   744 | D:1      | 744 ||| READING scroll labelled TAHYW YWAINLUT.
   745 | D:1      | 745 ||| READING scroll labelled WUUXZEOQIS.
   746 | D:1      | 746 ||| READING scroll labelled BIREILL CIGI.
   747 | D:1      | 747 ||| DROPPING scroll of butterflies.
   779 | D:2      | Reached skill level 3 in Fighting
   813 | D:2      | Reached XP level 3. HP: 28/31 MP: 2/2
   956 | D:2      | Noticed Sigmund
   969 | D:2      | HP: 1/31 [Sigmund/+0 scythe (8)]
   972 | D:2      | Killed from afar by Sigmund

Levels and vault maps discovered:
D:1:      sevenhm_arrival_forest_fort_small_4, layout_loops_ring, serial_forest,
          infiniplex_forest_clump_medium, infiniplex_forest_lined_room_,
          infiniplex_forest_lined_room_2, infiniplex_forest_lined_room_2,
          infiniplex_forest_clump_diagonal, infiniplex_forest_clump_small,
          infiniplex_forest_end_1, infiniplex_forest_clump_curved,
          infiniplex_forest_end_3, infiniplex_forest_clump_medium
D:2:      minmay_razor_zed, layout_rooms, uniq_natasha, uniq_sigmund

Skill      XL: |  1  2 |
---------------+-------+-----
Ranged Weapons | 5 |  5.6
Fighting       | 3 |  3.0
Dodging        | |  2.1
Stealth        | |  0.7

Action                     || total
---------------------------++-------
   Fire: Shortbow          ||    77
    Use: Scroll            ||     3
 Armour: Leather armour    ||    11
  Dodge: Dodged            ||    36

Table legend:
 A = Non-vault XP
 B = Vault XP
 C = Vault XP percentage of total XP
 D = Non-vault monster count
 E = Vault monster count
 F = Vault count percentage of total count
                 A         B        C        D         E       F
            +---------+---------+-------+---------+---------+-------
      Total |      71 |       0 |   0.0 |      26 |       0 |   0.0
            +---------+---------+-------+---------+---------+-------
        D:1 |      23 |       0 |   0.0 |      14 |       0 |   0.0
        D:2 |      48 |       0 |   0.0 |      12 |       0 |   0.0
            +---------+---------+-------+---------+---------+-------
